 Dungeon Crawl Stone Soup version 0.24.0-13-gcf9b319 (webtiles) character file.

Game seed: 15293826305016271429, levelgen mode: deterministic

3561 Bronimir the Archer (level 9, -3/74 HPs)
             Began as a Centaur Warper on Apr 5, 2020.
             Was a Believer of Okawaru.
             Slain by an orc warrior
             ... wielding a +0 dire flail of holy wrath
              (12 damage)
             ... on level 9 of the Dungeon.
             The game lasted 00:33:00 (12643 turns).

Bronimir the Archer (Centaur Warper)               Turns: 12643, Time: 00:33:01

Health: -3/74      AC:  9    Str: 17    XL:     9   Next: 83%
Magic:  7/22       EV: 10    Int: 12    God:    Okawaru [**....]
Gold:   473        SH:  0    Dex:  9    Spells: 3/13 levels left

rFire    . . .     SeeInvis .   a - +4 spear of Linearity {speed, MP+9}
rCold    . . .     Gourm    .   (no shield)
rNeg     . . .     Faith    .   p - +3 leather armour
rPois    .         Spirit   .   e - +0 helmet (curse)
rElec    .         Reflect  .   G - scarf {cloud immunity}
rCorr    .         Harm     .   (no gloves)
MR       .....                  (no barding)
Stlth    ..........             (no amulet)
HPRegen  0.22/turn              (no ring)
MPRegen  0.18/turn              (no ring)

@: very slightly contaminated, very quick
A: large, hooves 3, deformed body, speed 2, tough skin 3
a: Heroism, Renounce Religion


You were on level 9 of the Dungeon.
You worshipped Okawaru.
Okawaru was pleased with you.
You were not hungry.

You visited 2 branches of the dungeon, and saw 10 of its levels.

You collected 473 gold pieces.

Inventory:

Hand Weapons
 a - the +4 spear of Linearity (weapon) {speed, MP+9}
   (You found it on level 6 of the Dungeon)

   Attacks with this weapon are significantly faster.
   It affects your magic capacity (+9).
 b - a +0 shortbow
 I - a +0 spear
Missiles
 h - 309 stones
 i - 51 arrows
 l - 90 sling bullets
 C - 23 poisoned darts
 E - 54 bolts
 L - 7 boomerangs
 O - 11 javelins (quivered)
Armour
 e - a cursed +0 helmet (worn)
 n - a +0 cloak
 p - a +3 leather armour (worn)
 G - a scarf of cloud immunity (worn)
 V - a +1 cloak
Magical Staves
 W - an uncursed staff of summoning
Jewellery
 o - an uncursed amulet of rage {unknown}
 r - a cursed amulet of inaccuracy {unknown}
 y - an uncursed amulet of the gourmand {unknown}
 A - a +5 ring of dexterity {unknown}
 N - a cursed ring of teleportation {unknown}
 U - an uncursed amulet of faith {unknown}
 X - an uncursed ring of protection from fire {unknown}
Wands
 v - a wand of acid (6)
 D - a wand of enslavement (9)
 F - a wand of iceblast (9)
 J - a wand of polymorph (11)
 S - a wand of flame (11)
Scrolls
 d - 4 scrolls of blinking
 g - 5 scrolls of remove curse
 k - 2 scrolls of magic mapping {unknown}
 m - 7 scrolls of identify
 s - 2 scrolls of fear {unknown}
 x - a scroll of teleportation
 H - a scroll of random uselessness {unknown}
 M - a scroll of enchant weapon {unknown}
 P - a scroll of amnesia
 Q - a scroll of fog
Potions
 c - 2 potions of heal wounds
 j - 3 potions of agility
 q - 3 potions of curing
 t - a potion of magic {unknown}
 u - a potion of flight {unknown}
 w - a potion of berserk rage {unknown}
 z - 2 potions of resistance {unknown}
 B - a potion of lignification {unknown}
 K - a potion of haste {unknown}
 R - a potion of brilliance {unknown}
 T - 2 potions of degeneration {unknown}
Comestibles
 f - 13 rations


   Skills:
 * Level 5.0 Fighting
 + Level 6.4 Polearms
 * Level 8.0 Bows
 + Level 1.7 Throwing
 + Level 4.3 Armour
 * Level 4.0 Dodging
 + Level 2.7 Spellcasting
 * Level 4.9 Translocations
 * Level 1.2 Invocations
 + Level 0.1 Evocations


You had 3 spell levels left.
You knew the following spells:

 Your Spells              Type           Power        Failure   Level  Hunger
a - Blink                 Tloc           N/A          6%          2    ###....
b - Shroud of Golubria    Chrm/Tloc      #.....       17%         2    ###....
c - Teleport Other        Tloc           ##......     12%         3    ###....
d - Gell's Gravitas       Tloc           ##........   12%         3    ###....

Your spell library contained the following spells:

 Spells                   Type           Power        Failure   Level  Hunger
 Lesser Beckoning         Tloc           ##........   12%         3    ###....
 Passage of Golubria      Tloc           N/A          36%         4    #####..


Dungeon Overview and Level Annotations

Branches:
Dungeon (9/15)             Temple (1/1) D:4
   Lair: D:8-11         Orc: D:9-12

Altars:
Ashenzari
Cheibriados
Dithmenos
Elyvilon
Kikubaaqudgha
Makhleb
Nemelex Xobeh
Okawaru
Qazlal
Ru
Sif Muna
Trog
Uskayaw
Wu Jian
Xom


Innate Abilities, Weirdness & Mutations

You have hooves in place of feet.
Armour fits poorly on your strangely shaped body.
You cover ground very quickly.
You have extremely tough skin. (AC +3)


Message History

You kick the orc warrior, but do no damage.
The orc warrior is almost dead.
The orc warrior hits you with a +0 dire flail of holy wrath.
* * * LOW HITPOINT WARNING * * *
You closely miss the orc warrior. Your kick misses the orc warrior.
The orc warrior is almost dead.
The orc closely misses you.
You barely miss the orc warrior.
The orc warrior is almost dead.
The orc warrior completely misses you.
You closely miss the orc warrior.
You kick the orc warrior, but do no damage.
The orc warrior is almost dead.
You closely miss the orc warrior.
The orc warrior is almost dead.
The orc hits you from afar with a +0 trident.
* * * LOW HITPOINT WARNING * * *
Your shroud falls apart!
The orc warrior hits you with a +0 dire flail of holy wrath!
You die...

##.....#### #.........#
.'.....†..# #.........#
##.....##.###.........#
#.....##..##..........
#.....###......†.....#
##+#### ####.........#
#.........# ###)#######
#.@oo(## #####..#
########)###
#.......W..#
#......((.(# .
...#........>.##...
..o.........((.P.PP
####..........(..P.
#............P..


You could see an orc warrior and an orc.

Vanquished Creatures
  Maurice (D:8)
  A wraith (D:8)
  A hungry ghost (D:9)
  An orc warrior (D:9)
  A black bear (D:8)
  A sky beast (D:8)
  A phantom (D:8)
  2 ice beasts
  4 ogres
  2 centaurs
  A crocodile (D:9)
  3 big kobolds
  2 bullfrogs
  A gnoll sergeant (D:8)
  A scorpion (D:8)
  2 howler monkeys (D:9)
  3 crimson imps
  A bullfrog zombie (D:6)
  3 jellies
  4 hounds
  2 bullfrog skeletons (D:4)
  2 orc priests
  2 centaur skeletons
  6 orc wizards
  2 iguanas (D:8)
  5 worker ants
  Robin (D:4)
  14 gnolls
  9 adders
  A shadow imp (D:5)
  An ooze (D:2)
  3 adder skeletons
  2 dart slugs
  2 worms (D:2)
  5 leopard geckos
  28 orcs
  A ball python (D:4)
  13 bats
  8 giant cockroaches
  25 goblins
  20 hobgoblins
  7 jackals
  24 kobolds
  4 quokkas
  8 frilled lizards
  A leopard gecko skeleton (D:7)
  11 rats
243 creatures vanquished.

Vanquished Creatures (others)
  A fungus (D:9)
  A plant (D:9)
2 creatures vanquished.

Grand Total: 245 creatures vanquished

Notes
Turn   | Place    | Note
-------+----------+-------------------------------------------
     0 | D:1      | Bronimir the Centaur Warper began the quest for the Orb.
     0 | D:1      | Reached XP level 1. HP: 17/17 MP: 3/3
   433 | D:1      | Reached XP level 2. HP: 24/24 MP: 4/4
   736 | D:1      | You fall into a shaft and drop 1 floor!
   752 | D:2      | Reached XP level 3. HP: 21/30 MP: 5/5
  1390 | D:1      | Learned a level 2 spell: Blink
  1393 | D:1      | Learned a level 2 spell: Shroud of Golubria
  1747 | D:1      | Reached skill level 1 in Armour
  1747 | D:1      | Reached XP level 4. HP: 37/37 MP: 6/6
  2931 | D:3      | Noticed an ogre
  3396 | D:2      | Killed an ogre
  3396 | D:2      | Reached XP level 5. HP: 35/44 MP: 4/8
  3883 | D:3      | Reached XP level 6. HP: 50/50 MP: 9/9
  3989 | D:4      | Noticed Robin
  4041 | D:4      | Killed Robin
  4175 | D:4      | You fall into a shaft and drop 3 floors!
  4205 | D:7      | Found a shadowy altar of Dithmenos.
  4655 | D:6      | Reached XP level 7. HP: 33/57 MP: 10/10
  4781 | D:6      | Learned a level 3 spell: Teleport Other
  4785 | D:6      | Learned a level 3 spell: Gell's Gravitas
  4936 | D:6      | Reached skill level 1 in Bows
  4986 | D:5      | Entered Level 5 of the Dungeon
  5282 | D:6      | Reached skill level 2 in Bows
  5893 | D:6      | Reached skill level 3 in Bows
  6091 | D:6      | Got an iridescent spear
  6092 | D:6      | Identified the +4 spear of Linearity {speed, MP+9} (You
                  | found it on level 6 of the Dungeon)
  6718 | D:7      | Reached skill level 4 in Bows
  6718 | D:7      | Reached XP level 8. HP: 30/63 MP: 10/11
  7044 | D:8      | Reached skill level 5 in Bows
  7060 | D:8      | Reached skill level 5 in Polearms
  7401 | D:4      | Found a staircase to the Ecumenical Temple.
  7413 | Temple   | Entered the Ecumenical Temple
  7517 | Temple   | Became a worshipper of Warmaster Okawaru
  7701 | D:4      | Reached skill level 6 in Bows
 10072 | D:8      | Reached skill level 7 in Bows
 10136 | D:8      | Reached XP level 9. HP: 54/71 MP: 12/12
 10293 | D:8      | Noticed Maurice
 10373 | D:8      | Killed Maurice
 10373 | D:8      | Reached * piety under Okawaru
 11455 | D:8      | Reached ** piety under Okawaru
 11690 | D:9      | Found a stormy altar of Qazlal.
 12580 | D:9      | Reached skill level 1 in Invocations
 12632 | D:9      | Reached skill level 5 in Fighting
 12632 | D:9      | Reached skill level 8 in Bows
 12643 | D:9      | Slain by an orc warrior

Levels and vault maps discovered:
D:1:      dpeg_arrival_shelter, layout_loops_cross, st_stairs_11
D:2:      layout_rooms
D:3:      layout_rooms
D:4:      cheibrodos_thug_alley, layout_loops_ring,
          minmay_temple_entry_statues_pillars, first_ration, uniq_robin
D:5:      layout_gridville
D:6:      corexii_shantytown, layout_rooms, serial_bayou_ford_a
D:7:      layout_basic, nicolae_dithmenos_the_darkroom
D:8:      layout_basic, uniq_maurice
D:9:      layout_roguey, grunt_gozag_statues, grunt_lair_entry_orc_guard_hut,
          nicolae_qazlal_general_emergency
Temple:   kilobyte_greek_temple

Skill      XL: |  1  2  3  4  5  6  7  8  9 |
---------------+----------------------------+-----
Polearms       | 2 3 4 5 6 |  6.4
Armour         | 1 2 3 4 |  4.3
Spellcasting   | 2 |  2.7
Translocations | 3 4 |  4.9
Dodging        | 2 3 4 |  4.0
Fighting       | 3 4 5 |  5.0
Bows           | 4 7 8 |  8.0
Invocations    | 1 |  1.2
Throwing       | |  1.7
Evocations     | |  0.1

Action                   |  1- 3 |  4- 6 |  7- 9 || total
-------------------------+-------+-------+-------++-------
Melee: Spear             |   136 |   278 |   470 ||   884
       Kick              |    15 |    43 |    83 ||   141
 Fire: Shortbow          |       |       |   322 ||   322
Throw: Boomerang         |       |     5 |       ||     5
       Javelin           |       |     7 |     4 ||    11
 Cast: Shroud of Golubri |     1 |     7 |    10 ||    18
       Gell's Gravitas   |       |       |     3 ||     3
       Teleport Other    |       |       |     2 ||     2
       Blink             |       |       |     1 ||     1
Evoke: Wand              |       |       |     4 ||     4
  Use: Scroll            |       |     7 |       ||     7
       Potion            |       |       |     5 ||     5
  Eat: Chunk             |     2 |     6 |    21 ||    29
       Ration            |       |     1 |     2 ||     3
Armor: Leather armour    |    50 |   124 |   225 ||   399
Dodge: Dodged            |    46 |   149 |   246 ||   441
